[ AOE2 MATCH · #482446554 ]
Team RMMagyars vs Persians
[ REPLAY ANALYSIS · EXTRACTED FROM THE RECORDED GAME ]
Feudal
—
Castle
—
Imperial
—
| APM avg | 27.1 |
| APM peak | 42 |
| eAPM avg | 12.5 |
| Villagers / military | 17 / 0 |
Focus
⚔️ 8.9% · 🌾 91.1%
Feudal
—
Castle
—
Imperial
—
| APM avg | 0.5 |
| APM peak | 2 |
| eAPM avg | 0.5 |
| Villagers / military | 0 / 0 |
Feudal
—
Castle
—
Imperial
—
| APM avg | 36.9 |
| APM peak | 52 |
| eAPM avg | 10.7 |
| Villagers / military | 14 / 0 |
Focus
⚔️ 5.9% · 🌾 94.1%
Feudal
—
Castle
—
Imperial
—
| APM avg | 15.4 |
| APM peak | 28 |
| eAPM avg | 8.1 |
| Villagers / military | 18 / 0 |
Focus
⚔️ 14.3% · 🌾 85.7%
Feudal
—
Castle
—
Imperial
—
| APM avg | 64.9 |
| APM peak | 87 |
| eAPM avg | 18.4 |
| Villagers / military | 18 / 0 |
Focus
⚔️ 2.1% · 🌾 97.9%
Feudal
—
Castle
—
Imperial
—
| APM avg | 31.3 |
| APM peak | 64 |
| eAPM avg | 10.5 |
| Villagers / military | 14 / 0 |
Focus
⚔️ 10.2% · 🌾 89.8%
Match map
Initial resources + every placement click. Lines = walls · curves = elevation contours. ◆ gold · ⬟ stone · ● berries · ✦ relic · ◌ wall gap
Your base
Alcaz's base
Bert1109's base
Cizex's base
MaChi's base
Dodeff's base
Smoothed initial terrain · ◌ = detected wall gap · hover for details
Inputs per minute
— Felipe Javier - - Alcaz
Build order — Felipe Javier
22 actions detected in the replay
| 0:03 | Build | House |
| 0:05 | Create | Villager (Male) |
| 0:05 | Create | Villager (Male) |
| 0:05 | Create | Villager (Male) |
| 0:07 | Build | House |
| 0:10 | Create | Villager (Male) |
| 0:11 | Create | Villager (Male) |
| 1:31 | Create | Villager (Male) |
| 1:31 | Create | Villager (Male) |
| 1:53 | Build | Lumber Camp |
| 2:12 | Create | Villager (Male) |
| 2:12 | Create | Villager (Male) |
| 2:36 | Create | Villager (Male) |
| 2:36 | Create | Villager (Male) |
| 3:09 | Create | Villager (Male) |
| 3:47 | Create | Villager (Male) |
| 3:47 | Create | Villager (Male) |
| 4:20 | Create | Villager (Male) |
| 4:21 | Create | Villager (Male) |
| 4:50 | Create | Villager (Male) |
| 5:15 | Build | House |
| 5:21 | Research | Loom |
Build order — Alcaz
0 actions detected in the replay
Build order — Bert1109
19 actions detected in the replay
| 0:02 | Build | House |
| 0:03 | Build | House |
| 0:08 | Create | Villager (Male) |
| 0:09 | Create | Villager (Male) |
| 0:09 | Create | Villager (Male) |
| 0:09 | Create | Villager (Male) |
| 1:55 | Create | Villager (Male) |
| 2:31 | Create | Villager (Male) |
| 3:00 | Create | Villager (Male) |
| 3:02 | Create | Villager (Male) |
| 3:22 | Build | Lumber Camp |
| 3:48 | Create | Villager (Male) |
| 4:18 | Build | House |
| 4:21 | Build | House |
| 4:30 | Create | Villager (Male) |
| 4:30 | Create | Villager (Male) |
| 5:09 | Create | Villager (Male) |
| 5:10 | Create | Villager (Male) |
| 5:10 | Create | Villager (Male) |
Build order — Cizex
24 actions detected in the replay
| 0:04 | Build | House |
| 0:05 | Create | Villager (Male) |
| 0:05 | Create | Villager (Male) |
| 0:05 | Create | Villager (Male) |
| 0:06 | Create | Villager (Male) |
| 0:06 | Create | Villager (Male) |
| 0:07 | Build | House |
| 1:35 | Create | Villager (Male) |
| 1:35 | Create | Villager (Male) |
| 1:56 | Build | Lumber Camp |
| 2:12 | Create | Villager (Male) |
| 2:12 | Create | Villager (Male) |
| 2:16 | Create | Villager (Male) |
| 2:48 | Build | House |
| 2:50 | Build | House |
| 3:02 | Create | Villager (Male) |
| 4:01 | Create | Villager (Male) |
| 4:01 | Create | Villager (Male) |
| 4:04 | Create | Villager (Male) |
| 4:25 | Create | Villager (Male) |
| 4:32 | Build | Mill |
| 4:55 | Create | Villager (Male) |
| 4:56 | Create | Villager (Male) |
| 4:56 | Create | Villager (Male) |
Build order — MaChi
20 actions detected in the replay
| 0:02 | Create | Villager (Male) |
| 0:03 | Create | Villager (Male) |
| 0:03 | Create | Villager (Male) |
| 0:04 | Create | Villager (Male) |
| 0:08 | Build | House |
| 0:11 | Build | House |
| 1:29 | Create | Villager (Male) ×3 |
| 1:29 | Create | Villager (Male) ×3 |
| 1:58 | Build | Lumber Camp |
| 2:08 | Create | Villager (Male) |
| 2:41 | Create | Villager (Male) |
| 2:41 | Create | Villager (Male) |
| 3:33 | Create | Villager (Male) |
| 3:53 | Build | House |
| 3:55 | Build | House |
| 4:06 | Create | Villager (Male) |
| 4:25 | Build | Mill |
| 4:28 | Create | Villager (Male) |
| 4:28 | Create | Villager (Male) |
| 4:47 | Create | Villager (Male) |
Build order — Dodeff
22 actions detected in the replay
| 0:01 | Create | Villager (Male) |
| 0:01 | Create | Villager (Male) |
| 0:01 | Create | Villager (Male) |
| 0:02 | Create | Villager (Male) |
| 0:02 | Create | Villager (Male) |
| 0:05 | Build | House |
| 0:06 | Build | House |
| 1:32 | Build | Lumber Camp |
| 1:34 | Create | Villager (Male) |
| 2:12 | Create | Villager (Male) |
| 2:30 | Create | Villager (Male) |
| 3:06 | Build | House |
| 3:09 | Build | House |
| 3:10 | Build | House |
| 3:12 | Build | House |
| 3:13 | Create | Villager (Male) |
| 3:27 | Create | Villager (Male) |
| 3:46 | Build | Mill |
| 4:28 | Create | Villager (Male) |
| 4:56 | Create | Villager (Male) |
| 5:26 | Create | Villager (Male) |
| 5:26 | Create | Villager (Male) |
Match timeline
| 5:09 | Alcaz · resign |
[ AI ANALYSIS · 1 CREDIT ]
What really happened in this match?
Wolo.gg analyzes every decision: build order, eco, micro, common mistakes by bracket. Personalized analysis on WhatsApp or Discord in 30 seconds.
Civ guide
Magyars
Map guide
Arena
Perfil
Jugador #403553